 Dungeon Crawl Stone Soup version 0.23.1-37-gaa34b87 (webtiles) character file.

Game seed: 16793864113421350939

520 Borgoz the Cutter (level 7, -1/60 HPs)
             Began as a Ghoul Monk on Mar 22, 2019.
             Was a Believer of Ashenzari.
             Slain by Purgy (2 damage)
             ... in a sewer.
             The game lasted 00:09:28 (5450 turns).

Borgoz the Cutter (Ghoul Monk)                      Turns: 5450, Time: 00:09:29

Health: -1/60      AC: 12    Str: 15    XL:     7   Next: 21%
Magic:  6/6        EV: 12    Int:  5    God:    Ashenzari [**....]
Gold:   237        SH:  0    Dex: 13    Spells: 6/6 levels left

rFire    + . .     SeeInvis .   a - +0 short sword
rCold    + . .     Gourm    .   (no shield)
rNeg     + + +     Faith    .   b - +0 ring mail
rPois    ∞         Spirit   .   m - +2 helmet
rElec    .         Reflect  .   g - +0 cloak
rCorr    .         Harm     .   l - +1 pair of gloves (curse)
MR       .....                  (no boots)
Stlth    +.........             (no amulet)
HPRegen  0.00/turn              n - ring of protection from fire
MPRegen  0.10/turn              (no ring)

@: rotting
A: rotting body, claws 1, carnivore, cold resistance 1, negative energy
resistance 3, inhibited regeneration, torment resistance, unbreathing
a: Curse Item, Scrying, Renounce Religion


You were in a sewer.
You worshipped Ashenzari.
Ashenzari was pleased with you.
You were not hungry.

You visited 2 branches of the dungeon, and saw 6 of its levels.
You also visited: Sewer.

You collected 237 gold pieces.

Inventory:

Hand Weapons
 a - a +0 short sword (weapon)
Armour
 b - a +0 ring mail (worn)
 g - a +0 cloak (worn)
 l - a cursed +1 pair of gloves (worn)
 m - a +2 helmet (worn)
Jewellery
 n - a ring of protection from fire (left hand)
 r - an uncursed ring of wizardry
Wands
 s - a wand of iceblast (6)
Scrolls
 h - 4 scrolls of teleportation
 o - a scroll of amnesia
 p - 2 scrolls of magic mapping
Potions
 f - a potion of cancellation
 i - 2 potions of resistance
 j - a potion of magic
 q - a potion of degeneration
 v - a potion of berserk rage
Comestibles
 c - 7 rations


   Skills:
 + Level 4.3 Fighting
 * Level 4.5 Short Blades
 * Level 3.3 Armour
 * Level 4.4 Dodging
 - Level 2.1 Stealth


You had 6 spell levels left.
You didn't know any spells.
Your spell library was empty.

Dungeon Overview and Level Annotations

Branches:
Dungeon (5/15)             Temple (1/1) D:4

Altars:
Ashenzari
Cheibriados
Dithmenos
Elyvilon
Fedhas
Gozag
Kikubaaqudgha
Makhleb
Nemelex Xobeh
Okawaru
Qazlal
Ru
Sif Muna
Trog
Uskayaw
Vehumet
Wu Jian
Xom
Yredelemnul
The Shining One

Annotations:
Sewer Purgy


Innate Abilities, Weirdness & Mutations

Your body is rotting away.
You thrive on raw meat.
You are immune to poison.
You have sharp fingernails.
You are carnivorous and can eat meat at any time.
Your flesh is cold resistant. (rC+)
You are immune to negative energy. (rN+++)
You do not regenerate when monsters are visible.
You are immune to unholy pain and torment.
You can survive without breathing.


Message History

Throwing (i - inventory)
t - a tomahawk (quivered)
Press: ? - help, Shift-Dir - straight line, f/p - Purgy
Aim: Purgy (almost dead, fleeing)
You throw a tomahawk. The tomahawk closely misses Purgy.
Firing (i - inventory) No suitable missiles.
Press: ? - help, Shift-Dir - straight line, f/p - Purgy
Aim: Purgy (almost dead, fleeing)
Okay, then.
Unknown command.
Firing (i - inventory) No suitable missiles.
Press: ? - help, Shift-Dir - straight line, f/p - Purgy
Aim: Purgy (almost dead, fleeing)
Okay, then.
Firing (i - inventory) No suitable missiles.
Press: ? - help, Shift-Dir - straight line, f/p - Purgy
Aim: Purgy (almost dead, fleeing)
Okay, then.
Cornered, Purgy turns to fight!
Purgy misses you. Purgy barely misses you. Purgy claws you.
You die...

...≈≈≈...#######.#
#...≈...## #.#
##.....## #.#
####### ###.###
##.....##
#.......#
#.......#
#.......#
#...@...#
#..T($..#
##$)(?$## #######


You could see Purgy.

Vanquished Creatures
  A howler monkey (D:4)
  A bullfrog skeleton (D:4)
  An orc priest (D:3)
  A centaur skeleton (D:5)
  2 hounds
  An orc wizard (D:3)
  An iguana (D:4)
  2 worker ants (D:4)
  Robin (D:3)
  7 adders
  3 river rats (D:5)
  An ooze (D:2)
  3 worms
  3 dart slugs
  3 leopard geckos
  10 orcs
  5 giant cockroaches
  8 hobgoblins
  7 jackals
  A ball python (D:5)
  12 bats
  4 frilled lizards
  21 goblins
  5 kobolds
  10 rats
114 creatures vanquished.

Notes
Turn   | Place    | Note
-------+----------+-------------------------------------------
     0 | D:1      | Borgoz the Ghoul Monk began the quest for the Orb.
     0 | D:1      | Reached XP level 1. HP: 19/19 MP: 0/0
   219 | D:1      | Reached XP level 2. HP: 24/26 MP: 1/1
   565 | D:1      | Reached skill level 1 in Armour
   899 | D:2      | Reached XP level 3. HP: 31/31 MP: 2/2
  1228 | D:2      | You fall through a shaft for 2 floors!
  1228 | D:4      | Found a staircase to the Ecumenical Temple.
  1259 | Temple   | Entered the Ecumenical Temple
  1380 | D:4      | Found an iron altar of Okawaru.
  1380 | D:4      | Found a sacrificial altar of Ru.
  1380 | D:4      | Found a snail-covered altar of Cheibriados.
  1380 | D:4      | Found a hide-covered altar of Uskayaw.
  1426 | D:4      | Reached XP level 4. HP: 27/40 MP: 3/3
  1441 | D:4      | Reached XP level 5. HP: 22/46 MP: 4/4
  2498 | D:3      | Found a white marble altar of Elyvilon.
  2498 | D:3      | Found a shattered altar of Ashenzari.
  2514 | D:3      | Found a glowing golden altar of the Shining One.
  2516 | D:3      | Became a worshipper of Ashenzari the Shackled
  2516 | D:3      | Reached * piety under Ashenzari
  2516 | D:3      | Reached ** piety under Ashenzari
  2521 | D:3      | Found a shadowy altar of Dithmenos.
  2523 | D:3      | Found a bloodstained altar of Trog.
  2852 | D:3      | Found an ornate altar of the Wu Jian Council.
  3031 | D:3      | Noticed Robin
  3120 | D:3      | Killed Robin
  3313 | D:3      | Reached XP level 6. HP: 52/52 MP: 5/5
  4810 | D:5      | Entered Level 5 of the Dungeon
  4817 | D:5      | Noticed a yak
  4827 | D:5      | Noticed a yak
  4827 | D:5      | Noticed a necrophage
  4873 | D:5      | Reached XP level 7. HP: 40/59 MP: 6/6
  4923 | D:5      | Found a blossoming altar of Fedhas.
  5258 | D:5      | Found a glowing drain.
  5304 | Sewer    | Entered a sewer
  5342 | Sewer    | Noticed Purgy
  5438 | Sewer    | HP: 3/60 [Purgy (6)]
  5440 | Sewer    | HP: 1/60 [Purgy (1)]
  5450 | Sewer    | Slain by Purgy

Skill      XL: |  1  2  3  4  5  6 |
---------------+-------------------+-----
Short Blades   | 3 4 |  4.5
Armour         | 1 2 3 |  3.3
Dodging        | 3 4 |  4.4
Fighting       | 4 |  4.3
Stealth        | |  2.1

Action                   |  1- 3 |  4- 6 |  7- 9 || total
-------------------------+-------+-------+-------++-------
Melee: Short sword       |   125 |   378 |   193 ||   696
Throw: Tomahawk          |       |       |     3 ||     3
Invok: Curse Item        |       |     1 |       ||     1
  Use: Scroll            |     4 |     3 |     3 ||    10
       Potion            |     1 |       |     1 ||     2
 Stab: Sleeping          |     2 |     1 |       ||     3
  Eat: Chunk             |     7 |    21 |    11 ||    39
Armor: Robe              |     8 |       |       ||     8
       Ring mail         |    31 |   111 |   143 ||   285
Dodge: Dodged            |    70 |   208 |   181 ||   459
